 Dungeon Crawl Stone Soup version 0.24.0-2-g5b39cebb1c (webtiles) character file.

Game seed: 5853464436329172775, levelgen mode: deterministic

673 ventricule the Sneak (level 7, -4/38 HPs)
             Began as a Deep Elf Assassin on Oct 30, 2019.
             Slain by an ogre
             ... wielding a +0 giant spiked club
              (21 damage)
             ... on level 4 of the Dungeon.
             The game lasted 00:14:11 (6281 turns).

ventricule the Sneak (Deep Elf Assassin)            Turns: 6281, Time: 00:14:12

Health: -4/38      AC:  8    Str:  8    XL:     7   Next: 33%
Magic:  13/13      EV: 15    Int: 18    God:
Gold:   207        SH:  0    Dex: 16    Spells: 7/11 levels left

rFire    . . .     SeeInvis .   a - +2 dagger
rCold    + . .     Gourm    .   (no shield)
rNeg     . . .     Faith    .   h - +2 robe {rC+} {rC+}
rPois    .         Spirit   .   u - +0 helmet
rElec    .         Reflect  .   c - +0 cloak
rCorr    .         Harm     .   n - +1 pair of gloves
MR       .....                  (no boots)
Stlth    +++.......             (no amulet)
HPRegen  0.12/turn              (no ring)
MPRegen  0.13/turn              (no ring)

@: no status effects
A: no striking features
a: no special abilities


You were on level 4 of the Dungeon.
You were not hungry.

You visited 1 branch of the dungeon, and saw 5 of its levels.

You collected 207 gold pieces.

Inventory:

Hand Weapons
 a - a +2 dagger (weapon)
 x - a +0 hunting sling of velocity
Missiles
 f - a curare-tipped dart (quivered)
 q - a poisoned dart
 v - a throwing net {=f}
 Q - 231 stones
Armour
 b - a +0 robe
 c - a +0 cloak (worn)
 h - a +2 robe of cold resistance (worn) {rC+}
 n - a +1 pair of gloves (worn)
 u - a +0 helmet (worn)
Jewellery
 y - an uncursed ring of attention
Wands
 m - a wand of paralysis (11)
 r - a wand of flame (9)
 w - a wand of iceblast (13)
Scrolls
 i - a scroll of identify
 t - a scroll of teleportation
 B - 3 scrolls of remove curse
Potions
 d - a potion of might
 g - 4 potions of haste {unknown}
 j - 2 potions of flight
 k - 2 potions of brilliance
 l - a potion of mutation {!q}
 o - a potion of magic
 p - a potion of lignification {unknown}
 s - 2 potions of agility
 z - a potion of cancellation {unknown}
 A - a potion of invisibility
 C - a potion of degeneration {unknown}
Comestibles
 e - 9 rations


   Skills:
 - Level 1.5 Fighting
 - Level 3.9 Short Blades
 - Level 3.9 Throwing
 + Level 4.9 Dodging
 - Level 6.6 Stealth
 + Level 2.6 Spellcasting
 + Level 2.1 Conjurations
 + Level 1.0 Hexes


You had 7 spell levels left.
You knew the following spells:

 Your Spells              Type           Power        Failure   Level  Hunger
a - Magic Dart            Conj           ##..         7%          1    #......
b - Dazzling Spray        Conj/Hex       #.....       26%         3    ###....

Your spell library contained the following spells:

 Spells                   Type           Power        Failure   Level  Hunger
 Searing Ray              Conj           ##....       11%         2    ##.....
 Iskenderun's Mystic Bla  Conj           ##......     56%         4    #####..
 Fulminant Prism          Conj/Hex       #.........   65%         4    #####..
 Force Lance              Conj/Tloc      #.......     71%         4    #####..


Dungeon Overview and Level Annotations

Branches:
Dungeon (5/15)
 Temple: D:4-7

Altars:
Xom


Message History

The ogre hits you with a +0 giant spiked club!
* * * LOW HITPOINT WARNING * * *
You climb upwards.
Reactivating autopickup.
There is a stone staircase leading down here.
You take 8 damage, and have 11/38 hp.
MASSIVE DAMAGE!!
There is an open door here.
MP restored: 13
There is an open door here.
There is an open door here.
There is an open door here.
There is an open door here.
Throwing (i - inventory. (/) - cycle)
f - 2 curare-tipped darts
Aim: an ogre, wielding a +0 giant spiked club You throw a curare-tipped dart.
The curare-tipped dart barely misses the ogre.
The ogre hits you with a +0 giant spiked club!!
Ouch! That really hurt!
You die...

###########...# #....#
#.........#...# #....# ###
#.........#...###....###..
#.....>...'............'..
#.........###....#######..
######'#### #....# #.. #.#
#....# ######
#.######....####.....
#..O@.......[).'.....
################.....
#..... ####### #.....
#.....# #..... #.....#
#..... #.....# #.....
#.....###############
#....................


You could see an ogre.

Levels and vault maps discovered:
D:1:      eino_arrival_cavern_a, layout_rooms, nrook_uturn, lemuel_flame_loot_1
D:2:      layout_loops_corners, uniq_jessica
D:3:      layout_loops_ring, grunt_ministairs_13
D:4:      layout_basic, uniq_natasha
D:5:      layout_rooms, xom_confusion_cloud, serial_shops,
          kennysheep_little_box, shop, first_ration

Notes
Turn   | Place    | Note
-------+----------+-------------------------------------------
     0 | D:1      | ventricule the Deep Elf Assassin began the quest for the
                  | Orb.
     0 | D:1      | Reached XP level 1. HP: 12/12 MP: 3/3
    57 | D:1      | Identified a +0 club
    58 | D:1      | Identified a +0 club
   193 | D:1      | Reached skill level 5 in Stealth
   302 | D:1      | Reached XP level 2. HP: 16/16 MP: 4/4
   315 | D:1      | Identified a +0 club
   449 | D:1      | Identified a +0 pair of gloves (You found it on level 1 of
                  | the Dungeon)
   495 | D:1      | Identified a cursed -2 short sword
   709 | D:2      | Identified a +2 robe of cold resistance (You found it on
                  | level 2 of the Dungeon)
   746 | D:2      | Identified a +0 dagger
   747 | D:2      | Identified a +0 robe
   747 | D:2      | Noticed Jessica
  1135 | D:2      | Reached skill level 2 in Dodging
  1255 | D:2      | Identified a +0 helmet (You found it on level 2 of the
                  | Dungeon)
  1278 | D:2      | Identified a cursed +0 whip
  1309 | D:2      | Reached XP level 3. HP: 20/20 MP: 5/5
  1509 | D:2      | Identified a +0 club
  1566 | D:2      | Killed Jessica
  1789 | D:3      | Reached XP level 4. HP: 17/25 MP: 6/6
  1835 | D:3      | Identified 6 scrolls of identify
  1835 | D:3      | Identified 2 potions of flight
  1840 | D:3      | Identified a scroll of remove curse
  1841 | D:3      | Identified a scroll of immolation
  1842 | D:3      | Identified a scroll of teleportation
  1843 | D:3      | Identified a scroll of fog
  1873 | D:3      | Identified a potion of might
  1874 | D:3      | Identified a potion of curing
  1875 | D:3      | Identified a potion of mutation
  1876 | D:3      | Identified a potion of brilliance
  1877 | D:3      | Identified a scroll of enchant armour
  1878 | D:3      | Identified a potion of magic
  1916 | D:3      | Identified a +0 club
  2023 | D:3      | Identified a +0 club
  2023 | D:3      | Identified a +0 mace
  2023 | D:3      | Identified a +0 flail
  2023 | D:3      | Identified a +0 mace
  2023 | D:3      | Identified a +0 ring mail
  2181 | D:3      | Identified a +0 dagger
  2852 | D:3      | Reached skill level 3 in Throwing
  3049 | D:3      | Reached skill level 3 in Short Blades
  3274 | D:3      | Identified a +0 flail
  3274 | D:3      | Identified a +0 leather armour
  3694 | D:4      | Identified a ring of attention (You found it on level 4 of
                  | the Dungeon)
  3695 | D:4      | Identified a +0 hunting sling of velocity (You found it on
                  | level 4 of the Dungeon)
  3697 | D:4      | Identified a potion of agility
  3699 | D:4      | Identified a +2 dagger
  3753 | D:4      | Reached skill level 3 in Dodging
  3753 | D:4      | Reached XP level 5. HP: 29/29 MP: 7/7
  3781 | D:4      | Identified a +0 hand axe
  3781 | D:4      | Identified a +0 dagger
  3781 | D:4      | Identified a +0 robe
  3785 | D:4      | Identified a cursed -3 dagger
  3785 | D:4      | Identified a +0 robe
  3797 | D:4      | Reached skill level 6 in Stealth
  3879 | D:4      | Identified a scroll of magic mapping
  3880 | D:4      | Identified a scroll of noise
  3962 | D:4      | Noticed Natasha
  3965 | D:4      | Killed Natasha
  4001 | D:4      | Identified a +0 giant club
  4001 | D:4      | Noticed an ogre
  4002 | D:4      | Killed an ogre
  4002 | D:4      | Reached XP level 6. HP: 34/34 MP: 8/8
  4045 | D:4      | Identified a +0 dagger
  4045 | D:4      | Identified a +0 robe
  4046 | D:4      | Identified a +0 dagger
  4047 | D:4      | Identified a +0 hand axe
  4047 | D:4      | Identified a +0 morningstar
  4047 | D:4      | Identified a +0 whip
  4047 | D:4      | Identified a +0 leather armour
  4501 | D:4      | Reached skill level 4 in Dodging
  4603 | D:5      | Entered Level 5 of the Dungeon
  4631 | D:4      | Noticed Natasha
  4645 | D:4      | Killed Natasha
  4731 | D:5      | Learned a level 1 spell: Magic Dart
  4735 | D:5      | Learned a level 3 spell: Dazzling Spray
  4745 | D:5      | Identified a +0 giant club
  4776 | D:5      | Reached skill level 1 in Spellcasting
  4776 | D:5      | Reached skill level 1 in Conjurations
  4934 | D:5      | HP: 1/34 [iguana (11)]
  4954 | D:5      | Reached XP level 7. HP: 16/38 MP: 9/11
  5191 | D:5      | Identified a potion of invisibility
  5192 | D:5      | Identified a scroll of amnesia
  5279 | D:5      | Identified a +1 halberd of protection
  5320 | D:5      | Identified a +0 giant spiked club
  5321 | D:5      | Found a shimmering altar of Xom.
  5341 | D:5      | Reached skill level 2 in Spellcasting
  5406 | D:5      | Reached skill level 2 in Conjurations
  5443 | D:5      | Identified a +0 giant spiked club
  6000 | D:5      | Reached skill level 1 in Hexes
  6190 | D:5      | Identified a cursed +0 ring mail
  6195 | D:5      | Identified a +0 dagger
  6195 | D:5      | Identified a +0 robe
  6195 | D:5      | Identified a +0 club
  6195 | D:5      | Identified a +0 leather armour
  6281 | D:4      | Slain by an ogre

Table legend:
 A = Turns spent in this place as a percentage of turns spent in the entire game.
 B = Non-inter-level travel turns spent in this place as a percentage of non-inter-level travel turns spent in the entire game.
 C = Inter-level travel turns spent in this place as a percentage of turns spent in this place.
 D = Turns resting spent in this place as a percentage of non-inter-level travel turns spent in this place.
 E = Turns spent auto-exploring this place as a percentage of non-inter-level travel turns spent in this place.
 F = Non-inter-level travel turns spent in this place divided by the number of levels of this place that you've seen.
                   A       B       C       D       E      F
               +-------+-------+-------+-------+-------+----------------------
         Total | 100.0 | 100.0 |   4.1 |  27.6 |  46.2 | 1204.6
       Dungeon | 100.0 | 100.0 |   4.1 |  27.6 |  46.2 | 1204.6
               +-------+-------+-------+-------+-------+----------------------

Table legend:
 A = Kills in this place as a percentage of kills in entire the game.
 B = Kills by you in this place as a percentage of kills by you in the entire game.
 C = Kills by friends in this place as a percentage of kills by friends in the entire game.
 D = Other kills in this place as a percentage of other kills in the entire game.
 E = Experience gained in this place as a percentage of experience gained in the entire game.
 F = Experience gained in this place divided by the number of levels of this place that you have seen.
                   A       B       C       D       E      F
               +-------+-------+-------+-------+-------+----------------------
         Total | 100.0 | 100.0 |   N/A |   N/A | 100.0 | 192.4
       Dungeon | 100.0 | 100.0 |   N/A |   N/A | 100.0 | 192.4
               +-------+-------+-------+-------+-------+----------------------

Skill      XL: |  1  2  3  4  5  6  7 |
---------------+----------------------+-----
Stealth        | 5 6 |  6.6
Dodging        | 2 3 4 |  4.9
Throwing       | 3 |  3.9
Short Blades   | 3 |  3.9
Spellcasting   | 1 2 |  2.6
Conjurations   | 1 2 |  2.1
Hexes          | 1 |  1.0
Fighting       | |  1.5

Action                   |  1- 3 |  4- 6 |  7- 9 || total
-------------------------+-------+-------+-------++-------
Melee: Dagger            |    78 |   414 |   175 ||   667
 Fire: Hunting sling     |       |       |   136 ||   136
Throw: Dart              |    12 |    19 |     9 ||    40
       Stone             |     3 |    29 |     1 ||    33
 Cast: Magic Dart        |       |     5 |    14 ||    19
       Dazzling Spray    |       |       |     2 ||     2
  Use: Scroll            |       |    15 |     2 ||    17
       Potion            |       |     1 |       ||     1
 Stab: Sleeping          |    11 |    13 |       ||    24
       Invisible         |       |       |     1 ||     1
  Eat: Chunk             |     2 |    11 |     2 ||    15
       Ration            |       |       |     1 ||     1
Armor: Robe              |    43 |   111 |    67 ||   221
Dodge: Dodged            |    47 |   227 |   145 ||   419

Vanquished Creatures
  3 ogres
  A crimson imp (D:5)
  A centaur zombie (D:5)
  A centaur skeleton (D:5)
  A hound (D:4)
  An iguana (D:5)
  3 orc wizards (D:4)
  Jessica (D:2)
  Natasha (twice) (D:4)
  A worker ant (D:4)
  3 adders
  An ooze (D:3)
  An adder zombie (D:4)
  4 worms
  2 dart slugs
  A leopard gecko (D:3)
  10 orcs
  8 giant cockroaches
  3 goblins
  7 hobgoblins
  11 jackals (D:3)
  A ball python (D:1)
  5 bats
  3 frilled lizards
  5 kobolds
  6 rats
86 creatures vanquished.

Vanquished Creatures (others)
  An ogre (D:5)
  A centaur (D:5)
  A hound skeleton (D:5)
  An adder (D:5)
  A gnoll (D:5)
  A ball python (D:5)
  A frilled lizard (D:5)
7 creatures vanquished.

Grand Total: 93 creatures vanquished
